 Dungeon Crawl Stone Soup version 0.18.1-8-gdd0e5ea (webtiles) character file.

22934 rockintein the Severer (level 12, -2/165 HPs)
             Began as a Minotaur Berserker on June 9, 2016.
             Was a High Priest of Trog.
             Slain by an ice dragon (10 damage)
             ... in an ice cave.
             The game lasted 00:25:57 (12421 turns).

rockintein the Severer (Minotaur Berserker)        Turns: 12421, Time: 00:25:58

Health: -2/165     AC: 19    Str: 32    XL:     12   Next: 67%
Magic:  11/11      EV:  9    Int: 11    God:    Trog [*****.]
Gold:   919        SH: 15    Dex: 10    Spells: 0 memorised, 11 levels left

rFire  + . .     SeeInvis +     E - +5 broad axe of Dess {chop, rN+ MR+ SInv}
rCold  . . .     Gourm    .     B - +2 chain mail "Suhutap" {Int+7}
rNeg   + . .     Faith    .     d - +0 shield
rPois  .         Spirit   .     (helmet restricted)
rElec  .         Dismiss  .     s - +0 cloak {MR+}
rCorr  .         Reflect  +     x - +0 pair of gloves
SustAt .         Harm     .     I - +1 pair of boots
MR     +++++                    v - +2 amulet of reflection
Stlth  ..........               p - ring of protection from magic
                                j - ring of protection from fire

@: berserking, regenerating, very quick, almost entirely resistant to hostile
enchantments, extremely unstealthy
A: retaliatory headbutt, horns 2
a: Berserk, Trog's Hand, Brothers in Arms, Burn Spellbooks, Renounce Religion


You were in an ice cave.
You worshipped Trog.
Trog was extremely pleased with you.
You were very hungry.

You visited 3 branches of the dungeon, and saw 14 of its levels.
You also visited: Sewer, Bailey and Ice Cave.

You collected 1193 gold pieces.
You spent 274 gold pieces at shops.

Inventory:

Hand Weapons
 D - a +1 hand axe of flaming
 E - the +5 broad axe of Dess (weapon) {chop, rN+ MR+ SInv}
   (You bought it in a shop on level 7 of the Dungeon)

   It inflicts extra damage upon your enemies.
   It protects you from negative energy.
   It affects your resistance to hostile enchantments.
   It lets you see invisible.
 R - a +2 antimagic broad axe
Missiles
 Q - 30 tomahawks of returning (quivered)
Armour
 d - a +0 shield (worn)
 s - a +0 cloak of magic resistance (worn)
 x - a +0 pair of gloves (worn)
 B - the +2 chain mail "Suhutap" (worn) {Int+7}
   (You found it on level 7 of the Dungeon)

   It affects your intelligence (+7).
 I - a +1 pair of boots (worn)
Jewellery
 j - a ring of protection from fire (left hand)
 p - a ring of protection from magic (right hand)
 v - a +2 amulet of reflection (around neck)
Wands
 y - a wand of random effects (15/48)
 H - a wand of disintegration (14/24)
Scrolls
 e - 4 scrolls of remove curse
 f - a scroll of holy word {unknown}
 g - a scroll of identify
 n - 4 scrolls of magic mapping
 w - 5 scrolls of teleportation
 J - a scroll of fear
Potions
 b - 7 potions of flight
 h - a potion of lignification {unknown}
 i - a potion of magic
 o - 2 potions of curing
 q - 2 potions of might
 u - 3 potions of haste
 C - 2 potions of heal wounds
 F - a potion of invisibility
Comestibles
 c - 10 bread rations


   Skills:
 + Level 11.2 Fighting
 * Level 16.5 Axes
 + Level 11.8 Armour
 - Level 2.1 Dodging
 + Level 10.4 Shields


You had 11 spell levels left.
You didn't know any spells.

Dungeon Overview and Level Annotations

Branches:
Dungeon (12/15)            Temple (1/1) D:6            Lair (1/8) D:9
    Orc (0/2) D:11

Altars:
Ashenzari
Elyvilon
Kikubaaqudgha
Okawaru
Qazlal
Sif Muna
Vehumet
Yredelemnul

Shops:
D:4 ?   D:6 =   D:7 (%

Annotations:
D:12 exclusions: ice statue and orange crystal statue


Innate Abilities, Weirdness & Mutations

You reflexively headbutt those who attack you in melee.
You have a pair of horns on your head.


Message History

The ice dragon is heavily wounded.
You completely miss the ice dragon.
The ice dragon is moderately wounded.
The ice dragon breathes frost at you. The blast of cold hits you!
* * * LOW HITPOINT WARNING * * *
You block the ice dragon's attack. The ice dragon claws you!
* * * LOW HITPOINT WARNING * * *
The ice dragon tramples you but does no damage.
You barely miss the ice dragon. You headbutt the ice dragon!
The ice dragon is severely wounded.
You hit the ice dragon.
The ice dragon is moderately wounded.
You block the ice dragon's attack. x2; The ice dragon barely misses you.
You slash the ice dragon! You headbutt the ice dragon!
The ice dragon is almost dead.
You slice the ice dragon!!
The ice dragon is severely wounded.
The ice dragon bites you!
You die...

#≈≈≈≈≈≈ ##....##
#.#≈###### ###
##..####
#..##$$$$$
##.###..##
$$=..$$ #....#.##
$$....$ #.##...#
$......
###..#####
#......###.##...#
#.....#D.....##
####.D@...####
########


You could see 2 ice dragons.

Vanquished Creatures
  Maud (D:12)
  Harold (Lair:1)
  A hydra (Lair:1)
  Erica (Lair:1)
  The ghost of Typee the Covert, a novice OpAs of Kikubaaqudgha (D:9)
  Nergalle (D:12)
  3 unseen horrors (D:11)
  2 hill giants (D:10)
  An orc knight (Bailey)
  2 ice statues (IceCv)
  2 spiny frogs (Lair:1)
  2 kobold demonologists (D:11)
  A komodo dragon (D:10)
  A troll (D:11)
  A two-headed ogre (D:12)
  Sigmund (D:2)
  A wraith (D:10)
  A wyvern (D:10)
  A human (D:8)
  17 yaks
  A hungry ghost (D:11)
  A steam dragon (D:11)
  2 hippogriffs
  Menkaure (D:7)
  Duvessa (D:5)
  8 orc warriors
  A water moccasin (D:10)
  21 ice beasts
  A phantom (D:4)
  4 sky beasts
  An eye of draining (D:11)
  A necrophage (D:8)
  A black bear (D:12)
  10 centaurs
  8 ogres
  A crocodile (D:11)
  The ghost of mindo the Firebug, an amateur HEFE of Sif Muna (D:3)
  4 big kobolds
  9 giant frogs
  Dowan (D:5)
  A wyvern skeleton (D:10)
  A wyvern zombie (D:8)
  2 scorpions
  A water moccasin skeleton (D:5)
  13 killer bees
  9 wights
  9 howler monkeys
  4 crimson imps
  A quasit (D:8)
  A centaur zombie (D:11)
  3 giant frog skeletons
  4 hounds
  Crazy Yiuf (D:2)
  5 centaur skeletons
  4 orc priests
  2 jellies
  4 orc wizards
  Jessica (D:2)
  Terence (D:3)
  3 iguanas
  8 worker ants
  A killer bee zombie (D:9)
  2 hound zombies
  A hound skeleton (D:8)
  A worker ant zombie (D:10)
  14 gnolls
  9 adders
  10 river rats
  3 shadow imps
  An ooze (D:5)
  2 adder zombies
  A dart slug (D:3)
  2 giant geckos
  54 orcs
  2 ball pythons (D:5)
  5 bats
  7 giant cockroaches
  16 goblins
  7 hobgoblins
  16 jackals
  35 kobolds
  A quokka (D:8)
  3 giant newts
  2 quokka skeletons
  12 rats
  4 fungi
  A plant (Lair:1)
410 creatures vanquished.

Vanquished Creatures (others)
  A centaur (D:12)
  4 kobolds (Bailey)
5 creatures vanquished.

Grand Total: 415 creatures vanquished

Notes
Turn   | Place    | Note
--------------------------------------------------------------
     0 | D:1      | rockintein the Minotaur Berserker began the quest for the Orb.
     0 | D:1      | Reached XP level 1. HP: 19/19 MP: 0/0
   189 | D:1      | Reached skill level 4 in Axes
   265 | D:1      | Reached XP level 2. HP: 26/26 MP: 1/1
   782 | D:2      | Noticed Sigmund
   789 | D:2      | Killed Sigmund
   789 | D:2      | Reached skill level 6 in Axes
   789 | D:2      | Reached XP level 3. HP: 20/31 MP: 2/2
   789 | D:2      | Reached XP level 4. HP: 25/39 MP: 3/3
   789 | D:2      | Reached XP level 5. HP: 29/45 MP: 4/4
   998 | D:2      | Reached ** piety under Trog
  1078 | D:2      | Noticed Jessica
  1082 | D:2      | Killed Jessica
  1399 | D:2      | Noticed Crazy Yiuf
  1405 | D:2      | Killed Crazy Yiuf
  1596 | D:3      | Noticed mindo's ghost (amateur HEFE)
  1616 | D:3      | Killed mindo's ghost
  1616 | D:3      | Reached skill level 7 in Axes
  1616 | D:3      | Reached skill level 5 in Armour
  1616 | D:3      | Reached XP level 6. HP: 31/51 MP: 5/5
  1845 | D:3      | Noticed Terence
  1856 | D:3      | Killed Terence
  1962 | D:3      | Found an iron altar of Okawaru.
  2030 | D:3      | Reached *** piety under Trog
  2108 | D:3      | Found a deep blue altar of Sif Muna.
  2662 | D:4      | Found Plog's Magic Scroll Shoppe.
  2676 | D:4      | Bought a scroll of magic mapping for 49 gold pieces
  2932 | D:4      | Reached skill level 8 in Axes
  2934 | D:4      | Reached XP level 7. HP: 53/57 MP: 6/6
  3351 | D:4      | Reached skill level 9 in Axes
  3595 | D:5      | Entered Level 5 of the Dungeon
  3595 | D:5      | Found a white marble altar of Elyvilon.
  3595 | D:5      | Noticed Duvessa
  3595 | D:5      | Noticed Dowan
  3603 | D:5      | Killed Duvessa
  3610 | D:5      | Killed Dowan
  3610 | D:5      | Reached skill level 1 in Shields
  3881 | D:5      | Reached XP level 8. HP: 42/67 MP: 7/7
  3926 | D:5      | Found a glowing drain.
  3960 | Sewer    | Entered a sewer
  4031 | Sewer    | Reached skill level 10 in Axes
  4031 | Sewer    | Reached **** piety under Trog
  4053 | Sewer    | Found a white marble altar of Elyvilon.
  4164 | D:5      | Reached skill level 5 in Fighting
  4521 | D:5      | Found an ancient bone altar of Kikubaaqudgha.
  4655 | D:6      | Found a staircase to the Ecumenical Temple.
  5005 | D:6      | Reached XP level 9. HP: 74/74 MP: 8/8
  5022 | D:6      | Reached skill level 11 in Axes
  5462 | D:6      | Found Juha's Jewellery Shoppe.
  5725 | D:7      | Got an ichor-stained chain mail
  5734 | D:7      | Reached skill level 5 in Shields
  5772 | D:7      | Identified the +2 chain mail "Suhutap" {Int+7} (You found it on level 7 of the Dungeon)
  5843 | D:7      | Noticed Menkaure
  5852 | D:7      | Killed Menkaure
  5921 | D:7      | Found Equdol's Food Shoppe.
  6151 | D:7      | Reached skill level 12 in Axes
  6173 | D:7      | Found Xakh's Antique Weapon Boutique.
  6291 | D:7      | Bought a polished broad axe for 225 gold pieces
  6291 | D:7      | Identified the +5 broad axe of Dess {chop, rN+ MR+ SInv} (You bought it in a shop on level 7 of the Dungeon)
  6895 | D:8      | Found a radiant altar of Vehumet.
  7196 | D:8      | Found a shattered altar of Ashenzari.
  7196 | D:8      | Found a stormy altar of Qazlal.
  7249 | D:8      | Reached XP level 10. HP: 86/86 MP: 9/9
  7536 | D:9      | Reached ***** piety under Trog
  7620 | D:9      | Noticed Typee's ghost (novice OpAs)
  7634 | D:9      | Killed Typee's ghost
  7645 | D:9      | Found a staircase to the Lair.
  7654 | D:9      | Reached skill level 13 in Axes
  8182 | D:10     | Entered Level 10 of the Dungeon
  8473 | D:10     | Received a gift from Trog
  8628 | D:10     | Reached XP level 11. HP: 80/95 MP: 10/10
  8805 | D:10     | Reached skill level 10 in Armour
  8819 | D:10     | Reached skill level 14 in Axes
  8914 | D:10     | Noticed a hill giant
  8928 | D:10     | Killed a hill giant
  9104 | D:10     | Noticed a hill giant
  9112 | D:10     | Killed a hill giant
  9217 | D:11     | Noticed an unseen horror
  9225 | D:11     | Received a gift from Trog
  9234 | D:11     | Killed an unseen horror
  9549 | D:11     | Noticed an unseen horror
  9556 | D:11     | Killed an unseen horror
  9891 | D:11     | Found a staircase to the Orcish Mines.
 10141 | D:11     | Noticed a soul eater
 10149 | D:11     | Noticed an unseen horror
 10153 | D:11     | Killed an unseen horror
 10153 | D:11     | Reached skill level 10 in Fighting
 10153 | D:11     | Reached skill level 15 in Axes
 10260 | D:12     | Found a flagged portal.
 10317 | Bailey   | Entered a bailey
 10485 | Bailey   | Noticed an orc knight
 10491 | Bailey   | Killed an orc knight
 10501 | Bailey   | Received a gift from Trog
 10746 | D:12     | Noticed Nergalle
 10755 | D:12     | Killed Nergalle
 10837 | D:12     | Reached XP level 12. HP: 103/106 MP: 11/11
 10950 | D:12     | Noticed Maud
 10959 | D:12     | Killed Maud
 11257 | D:12     | Found a basalt altar of Yredelemnul.
 11643 | Temple   | Entered the Ecumenical Temple
 11772 | Lair:1   | Entered Level 1 of the Lair of Beasts
 11772 | Lair:1   | Noticed a seven-headed hydra
 11779 | Lair:1   | Killed a seven-headed hydra
 11782 | Lair:1   | Reached skill level 16 in Axes
 11920 | Lair:1   | Noticed Harold
 11930 | Lair:1   | Killed Harold
 11930 | Lair:1   | Reached skill level 10 in Shields
 12039 | Lair:1   | Found a frozen archway.
 12041 | Lair:1   | Noticed Erica
 12043 | Lair:1   | Reached ****** piety under Trog
 12047 | Lair:1   | Killed Erica
 12088 | IceCv    | Entered an ice cave
 12408 | IceCv    | Noticed an ice dragon
 12410 | IceCv    | Noticed an ice dragon
 12419 | IceCv    | HP: 6/165 [ice dragon (10)]
 12421 | IceCv    | Slain by an ice dragon

Skill      XL: |  1  2  3  4  5  6  7  8  9 10 11 12 |
---------------+-------------------------------------+-----
Axes           | 4 6 7 8 9 10 12 13 15 16 | 16.5
Armour         | 4 5 6 7 8 9 11 | 11.8
Fighting       | 4 5 7 8 10 11 | 11.2
Shields        | 1 3 5 7 9 10 | 10.4
Dodging        | |  2.1

Action                   |  1- 3 |  4- 6 |  7- 9 | 10-12 || total
-------------------------+-------+-------+-------+-------++-------
Melee: Hand axe          |    39 |   131 |   257 |     6 ||   433
       Headbutt          |     3 |    30 |    72 |   101 ||   206
       War axe           |       |       |    79 |       ||    79
       Broad axe         |       |       |    35 |   480 ||   515
Invok: Berserk           |     1 |     3 |     2 |     7 ||    13
       Trog's Hand       |       |     2 |     3 |     2 ||     7
  Use: Scroll            |       |     5 |     6 |     6 ||    17
       Potion            |       |     4 |     3 |     1 ||     8
 Stab: Distracted        |       |     1 |       |       ||     1
  Eat: Chunk             |       |    11 |    16 |    24 ||    51
Armor: Animal skin       |     5 |     7 |       |       ||    12
       Scale mail        |       |    34 |    68 |       ||   102
       Chain mail        |       |       |    26 |   183 ||   209
       Plate armour      |       |       |     7 |       ||     7
Dodge: Dodged            |    33 |    69 |    84 |   116 ||   302
Block: Shield            |       |       |   144 |   327 ||   471
       Reflection        |       |       |     4 |    36 ||    40
